WCHLSIM.com - West Coast Hockey League
html PUBLIC "-//W3C//DTD XHTML 1.0 Transitional//EN" "http://www.w3.org/TR/xhtml1/DTD/xhtml1-transitional.dtd"> WCHL - Game 206 - ANAHEIM OUTLAWS vs PHOENIX MUSTANGS

ANAHEIM OUTLAWS vs PHOENIX MUSTANGS

Created - 4 novembre 2019 at 17:07

Goals
1 2 3 T
ANAHEIM OUTLAWS 1 2 0 3
PHOENIX MUSTANGS 0 1 1 2
Shots
1 2 3 T
ANAHEIM OUTLAWS 8 16 13 37
PHOENIX MUSTANGS 12 6 8 26

1st period

1. ANAHEIM OUTLAWS , Duncan Keith 1 (Mark Borowiecki 1, Michael Grabner 3) at 10:38

Penalties :
Alexander Steen (PHX) for Tripping (Minor) at 4:22, Mark Borowiecki (ANA) for Cross-checking (Minor) at 8:10, Mark Borowiecki (ANA) for Slashing (Minor) at 13:51, Phil Kessel (PHX) for Cross-checking (Minor) at 14:30

2nd period

2. PHOENIX MUSTANGS , Andrew Ladd 1 (T.J. Oshie 10, Justin Kloos 1) at 15:43
3. ANAHEIM OUTLAWS , Matt Duchene 7 (Jonathan Drouin 12, Kevin Fiala 11) at 17:23 (PP)
4. ANAHEIM OUTLAWS , John Tavares 11 (Jonathan Audy-Marchessault 9, Kevin Fiala 12) at 19:18

Penalties :
Kevin Labanc (PHX) for Hooking (Minor) at 4:59, Kevin Labanc (PHX) for Hooking (Minor) at 9:53, Nicklas Backstrom (PHX) for Holding (Minor) at 16:09

3rd period

5. PHOENIX MUSTANGS , T.J. Oshie 3 (Alexander Steen 9, Kevin Hayes 11) at 2:20

Penalties :
Mark Borowiecki (ANA) for Cross-checking (Minor) at 0:14

Goalie Stats

Matthew Murray (ANA), 24 saves from 26 shots - (0,923), W, 6-3-0, 60:00 minutes
Corey Crawford (PHX), 34 saves from 37 shots - (0,919), L, 7-7-0, 59:12 minutes

Players Stats for ANAHEIM OUTLAWS

Player Name              G  A  P  +/- PIM S  H  SB GA TA FO     MP     PP MP  PK MP  
------------------------------------------------------------------------------------
Adrian Kempe             0  0  0   0  0   3  1  0  0  0  6/16   11:01   0:00   0:00 
Duncan Keith             1  0  1   2  0   2  0  0  0  0  0/0    24:51   3:59   2:27 
Garnet Hathaway          0  0  0   0  0   1  1  0  0  0  0/3     8:43   0:00   0:00 
Joe Hicketts             0  0  0   0  0   0  1  0  0  0  0/0    14:36   0:48   0:00 
John Tavares             1  0  1   0  0   3  0  2  0  0  16/26  18:32   4:45   0:00 
Jonathan Audy-Marchessau 0  1  1   0  0   6  2  1  0  0  2/7    25:07   4:45   2:23 
Jonathan Drouin          0  1  1  -1  0   4  0  0  0  0  1/6    20:19   3:05   2:14 
Kevin Fiala              0  2  2   0  0   0  1  0  0  0  0/0    16:10   3:05   0:00 
Mark Borowiecki          0  1  1   2  6   1  7  0  0  0  0/0    20:30   3:25   0:00 
Matt Duchene             1  0  1   0  0   8  0  0  0  0  9/16   19:30   3:05   2:23 
Maxime Lajoie            0  0  0  -2  0   1  0  2  0  0  0/0    21:25   3:51   2:10 
Michael Grabner          0  1  1   1  0   2  0  0  0  0  0/0     5:51   0:00   0:00 
Michael Rasmussen        0  0  0   0  0   0  0  0  0  0  2/9     8:43   0:00   0:00 
Nicholas Ritchie         0  0  0   0  0   0  3  0  0  0  0/2    13:24   0:00   0:00 
Richard Panik            0  0  0   0  0   5  5  1  0  0  0/0    15:46   4:45   0:00 
Robert Bortuzzo          0  0  0  -2  0   0  2  0  0  0  0/0    21:49   3:37   2:10 
Ryan Callahan            0  0  0   0  0   1  0  0  0  0  1/1    10:57   0:00   2:14 
Thomas Hickey            0  0  0   0  0   0  0  1  0  0  0/0    16:46   0:00   2:27 

Players Stats for PHOENIX MUSTANGS

Player Name              G  A  P  +/- PIM S  H  SB GA TA FO     MP     PP MP  PK MP  
------------------------------------------------------------------------------------
Alexander Steen          0  1  1   0  2   2  2  1  0  0  0/0    18:41   2:34   0:00 
Andrew Ladd              1  0  1   1  0   2  1  0  0  0  0/0    10:37   0:00   0:00 
Dennis Cholowski         0  0  0   0  0   0  1  1  0  0  0/0    20:55   1:38   4:10 
Erik Karlsson            0  0  0   0  0   4  1  1  0  0  0/0    26:57   3:38   4:10 
Fredrik Claesson         0  0  0   0  0   0  0  1  0  0  0/0    15:36   0:00   3:40 
Jake Gardiner            0  0  0   0  0   0  3  1  0  0  0/0    20:32   0:46   3:40 
Jesper Fast              0  0  0   0  0   0  1  1  0  0  0/1     8:15   0:00   0:31 
Justin Faulk             0  0  0   0  0   0  2  1  0  0  0/0    19:36   3:12   0:00 
Justin Kloos             0  1  1   1  0   0  0  0  0  0  3/8    10:53   0:00   0:16 
Kevin Hayes              0  1  1   0  0   2  1  0  0  0  22/32  24:44   2:34   5:06 
Kevin Labanc             0  0  0   0  4   2  1  0  0  0  1/3    10:09   2:03   0:00 
Matt Taormina            0  0  0   0  0   0  0  0  0  0  0/0    16:24   0:00   0:00 
Nicklas Backstrom        0  0  0  -1  2   6  2  0  0  0  20/32  26:13   2:03   4:19 
Phil Kessel              0  0  0   0  2   3  0  0  0  0  0/2    21:41   2:33   2:44 
Sam Lofquist             0  0  0   0  0   0  0  0  0  0  0/0     0:00   0:00   0:00 
T.J. Oshie               1  1  2   1  0   1  0  0  0  0  0/1    10:37   0:00   0:00 
Teuvo Teravainen         0  0  0  -1  0   4  0  0  0  0  2/6    17:27   2:03   2:44 
Tomas Hyka               0  0  0  -1  0   0  0  1  0  0  1/1    11:28   0:00   0:00 

3 Stars

1 - T.J. Oshie (PHX)
2 - Duncan Keith (ANA)
3 - Andrew Ladd (PHX)

Power Play

ANAHEIM OUTLAWS - 1 on 5 Attempt(s) - 20,00%
PHOENIX MUSTANGS - 0 on 3 Attempt(s) - 0,00%

Penalty Kill

ANAHEIM OUTLAWS - 3 on 3 Attempt(s) - 100,00% - Score 0 goal in Penalty Kill
PHOENIX MUSTANGS - 4 on 5 Attempt(s) - 80,00% - Score 0 goal in Penalty Kill

Team Stat

ANAHEIM OUTLAWS - Hits : 23 - Faceoff Wins : 37 - Blocked Shots : 7 - Penalty Minutes : 6
PHOENIX MUSTANGS - Hits : 15 - Faceoff Wins : 49 - Blocked Shots : 8 - Penalty Minutes : 10

Official

Referees : Francois StLaurent and Jacob Brenk
Linesman : Shandor Alphonso and Justin Hedlund

Game Notes

Michael Grabner is injured at 16:06 of 2nd period (Sports Hernia)

Finance

Level 1 -- Attendance: 5198 (83,84%) -- Ticket Income 753 710 $
Level 2 -- Attendance: 5600 (100,00%) -- Ticket Income 392 000 $
Level 3 -- Attendance: 2749 (91,63%) -- Ticket Income 123 705 $
Level 4 -- Attendance: 5000 (100,00%) -- Ticket Income 175 000 $
Luxury Box -- Attendance: 1000 (100,00%) -- Ticket Income 250 000 $
Game was played at the Mustangs Palace.
Total Attendance: 19547 (93,98%)
Total Ticket Income: 1 694 415 $
Other Income: 508 324 $
Total Income: 2 202 739 $

ANAHEIM OUTLAWS

5 vs 5 Forward 
   Center                   Left Wing                Right Wing               Time % Phy DF OF 
 1 John Tavares             Jonathan Audy-MarchessaulKevin Fiala              29     1   1  3  
 2 Matt Duchene             Nicholas Ritchie         Jonathan Drouin          29     1   2  2  
 3 Adrian Kempe             Michael Grabner          Richard Panik            25     1   2  2  
 4 Michael Rasmussen        Garnet Hathaway          Ryan Callahan            17     1   3  1  

5 vs 5 Defense 
   Defense                  Defense                                           Time % Phy DF OF 
 1 Mark Borowiecki          Duncan Keith                                      35     1   2  2  
 2 Robert Bortuzzo          Maxime Lajoie                                     35     1   2  2  
 3 Joe Hicketts             Thomas Hickey                                     20     1   4  0  
 4 Mark Borowiecki          Duncan Keith                                      10     1   2  2  

PowerPlay Forward 
   Center                   Left Wing                Right Wing               Time % Phy DF OF 
 1 John Tavares             Jonathan Audy-MarchessaulRichard Panik            50     0   1  4  
 2 Matt Duchene             Kevin Fiala              Jonathan Drouin          50     0   1  4  

PowerPlay Defense
   Defense                  Defense                                           Time % Phy DF OF 
 1 Mark Borowiecki          Duncan Keith                                      50     1   1  3  
 2 Maxime Lajoie            Robert Bortuzzo                                   50     1   1  3  

Penalty Kill 4 Players Forward 
   Center                   Wing                     Time % Phy DF OF 
 1 Jonathan Audy-MarchessaulMatt Duchene             50     1   4  0  
 2 Jonathan Drouin          Ryan Callahan            50     1   4  0  

Penalty Kill 4 Players Defense
   Defense                  Defense                  Time % Phy DF OF 
 1 Thomas Hickey            Duncan Keith             50     1   4  0  
 2 Maxime Lajoie            Robert Bortuzzo          50     1   4  0  

Penalty Kill - 3 Players Forward 
   Forward                                           Time % Phy DF OF 
 1 Richard Panik                                     55     1   2  2  
 2 John Tavares                                      45     1   2  2  

Penalty Kill - 3 Players Defense
   Defense                  Defense                  Time % Phy DF OF 
 1 Robert Bortuzzo          Thomas Hickey            55     1   2  2  
 2 Maxime Lajoie            Duncan Keith             45     1   2  2  

4 vs 4 Forward 
   Center                   Wing                     Time % Phy DF OF 
 1 John Tavares             Jonathan Audy-Marchessaul50     1   2  2  
 2 Jonathan Drouin          Matt Duchene             50     1   2  2  

4 vs 4 Defense
   Defense                  Defense                  Time % Phy DF OF 
 1 Joe Hicketts             Duncan Keith             50     1   2  2  
 2 Robert Bortuzzo          Mark Borowiecki          50     1   2  2  

Last Minutes Offensive
   Center                   Left Wing                Right Wing               Defense                  Defense                  
   Matt Duchene             Jonathan Audy-MarchessaulKevin Fiala              Maxime Lajoie            Mark Borowiecki          

Last Minutes Defensive
   Center                   Left Wing                Right Wing               Defense                  Defense                  
   Jonathan Drouin          Garnet Hathaway          Jonathan Audy-MarchessaulDuncan Keith             Robert Bortuzzo          

Goaltenders
Starting : Matthew Murray           
Backup : Mackenzie Blackwood      

Extra Forwards
Normal : Jonathan Audy-Marchessault, Jonathan Drouin, Matt Duchene - PP : Matt Duchene, Jonathan Drouin - PK : Matt Duchene
Extra Defensemen
Normal : Thomas Hickey, Duncan Keith, Robert Bortuzzo - PP : Joe Hicketts - PK : Maxime Lajoie, Duncan Keith
Penalty Shots
John Tavares, Ryan Callahan, Jonathan Audy-Marchessault, Matt Duchene, Jonathan Drouin
Custom OT Lines Forwards
Jonathan Audy-Marchessault, Jonathan Drouin, Kevin Fiala, Matt Duchene, John Tavares, Ryan Callahan, Michael Grabner, Nicholas Ritchie, Richard Panik, Adrian Kempe
Custom OT Lines Defensemen
Robert Bortuzzo, Thomas Hickey, Duncan Keith, Maxime Lajoie, Joe Hicketts

Scratches
Brett Pollock (Healthy), Cole Bardreau (Healthy), Keith Yandle (Abdominal Strain Injury), Morgan Rielly (Left Knee Injury), Logan Shaw (Healthy)
Mike Condon (Healthy)

PHOENIX MUSTANGS

5 vs 5 Forward 
   Center                   Left Wing                Right Wing               Time % Phy DF OF 
 1 Nicklas Backstrom        Teuvo Teravainen         Tomas Hyka               36     1   2  2  
 2 Kevin Hayes              Alexander Steen          Phil Kessel              31     1   2  2  
 3 Nicklas Backstrom        Kevin Labanc             Jesper Fast              25     1   2  2  
 4 Justin Kloos             Andrew Ladd              T.J. Oshie               8      1   2  2  

5 vs 5 Defense 
   Defense                  Defense                                           Time % Phy DF OF 
 1 Justin Faulk             Matt Taormina                                     36     1   2  2  
 2 Jake Gardiner            Erik Karlsson                                     31     1   2  2  
 3 Dennis Cholowski         Fredrik Claesson                                  23     1   2  2  
 4 Dennis Cholowski         Erik Karlsson                                     10     1   2  2  

PowerPlay Forward 
   Center                   Left Wing                Right Wing               Time % Phy DF OF 
 1 Kevin Labanc             Nicklas Backstrom        Teuvo Teravainen         55     1   2  2  
 2 Kevin Hayes              Alexander Steen          Phil Kessel              45     1   2  2  

PowerPlay Defense
   Defense                  Defense                                           Time % Phy DF OF 
 1 Erik Karlsson            Justin Faulk                                      55     1   2  2  
 2 Erik Karlsson            Dennis Cholowski                                  45     1   2  2  

Penalty Kill 4 Players Forward 
   Center                   Wing                     Time % Phy DF OF 
 1 Nicklas Backstrom        Kevin Hayes              55     1   2  2  
 2 Teuvo Teravainen         Phil Kessel              45     1   2  2  

Penalty Kill 4 Players Defense
   Defense                  Defense                  Time % Phy DF OF 
 1 Erik Karlsson            Dennis Cholowski         55     1   2  2  
 2 Jake Gardiner            Fredrik Claesson         45     1   2  2  

Penalty Kill - 3 Players Forward 
   Forward                                           Time % Phy DF OF 
 1 Phil Kessel                                       55     1   2  2  
 2 Kevin Hayes                                       45     1   2  2  

Penalty Kill - 3 Players Defense
   Defense                  Defense                  Time % Phy DF OF 
 1 Erik Karlsson            Dennis Cholowski         55     1   2  2  
 2 Jake Gardiner            Fredrik Claesson         45     1   2  2  

4 vs 4 Forward 
   Center                   Wing                     Time % Phy DF OF 
 1 Kevin Hayes              Teuvo Teravainen         55     1   2  2  
 2 Nicklas Backstrom        Phil Kessel              45     1   2  2  

4 vs 4 Defense
   Defense                  Defense                  Time % Phy DF OF 
 1 Erik Karlsson            Fredrik Claesson         55     1   2  2  
 2 Jake Gardiner            Dennis Cholowski         45     1   2  2  

Last Minutes Offensive
   Center                   Left Wing                Right Wing               Defense                  Defense                  
   Nicklas Backstrom        Teuvo Teravainen         Phil Kessel              Justin Faulk             Erik Karlsson            

Last Minutes Defensive
   Center                   Left Wing                Right Wing               Defense                  Defense                  
   Nicklas Backstrom        Teuvo Teravainen         Phil Kessel              Justin Faulk             Erik Karlsson            

Goaltenders
Starting : Corey Crawford           
Backup : Garret Sparks            

Extra Forwards
Normal : Nicklas Backstrom, Kevin Labanc, Jesper Fast - PP : Phil Kessel, Kevin Labanc - PK : Jesper Fast
Extra Defensemen
Normal : Dennis Cholowski, Fredrik Claesson, Jake Gardiner - PP : Dennis Cholowski - PK : Fredrik Claesson, Jake Gardiner
Penalty Shots
Nicklas Backstrom, Kevin Labanc, Jesper Fast, Phil Kessel, Kevin Hayes
Custom OT Lines Forwards
Nicklas Backstrom, Andrew Ladd, Teuvo Teravainen, Phil Kessel, Kevin Hayes, Tomas Hyka, Alexander Steen, Kevin Labanc, Jesper Fast, T.J. Oshie
Custom OT Lines Defensemen
Erik Karlsson, Fredrik Claesson, Jake Gardiner, Justin Faulk, Dennis Cholowski

Scratches
Jeff Carter (Exhaustion), Andrew Copp (Abdomen/Ribs Injury), Vince Pedrie (Healthy), Dan Renouf (Healthy), Gavin Bayreuther (Bruised Left Arm Injury)
Michael Kapla (Healthy), Michael Brodzinski (Healthy), Nick Lappin (Healthy), Oscar Fantenberg (Separated Left Shoulder Injury), Michael Del Zotto (Bruised Left Shoulder Injury)
Reece Willcox (Healthy), Riley Barber (Healthy), Joonas Korpisalo (Healthy)

% Time on Ice - ANAHEIM OUTLAWS

Lines # - Real PCT - Wanted PCT - Time Play
Normal Forward
1 - 28% - 29% - 13:05
2 - 29% - 29% - 13:24
3 - 24% - 25% - 11:01
4 - 19% - 17% - 8:43
Normal Defense
1 - 33% - 35% - 15:15
2 - 33% - 35% - 15:24
3 - 30% - 20% - 13:41
4 - 4% - 10% - 1:53
PP Forward
1 - 61% - 50% - 4:45
2 - 39% - 50% - 3:05
PP Defense
1 - 51% - 50% - 3:59
2 - 49% - 50% - 3:51
PK Forward
1 - 52% - 50% - 2:23
2 - 48% - 50% - 2:14
PK Defense
1 - 53% - 50% - 2:27
2 - 47% - 50% - 2:10
PK3 Forward
1 - 0% - 55%
2 - 0% - 45%
PK3 Defense
1 - 0% - 55%
2 - 0% - 45%
44 Forward
1 - 53% - 50% - 0:42
2 - 48% - 50% - 0:38
44 Defense
1 - 53% - 50% - 0:42
2 - 48% - 50% - 0:38
Last Minute Offensive  - 0:00
Last Minute Defensive  - 0:00
Total
Forward - 60:00
Defense - 60:00

% Time on Ice - PHOENIX MUSTANGS

Lines # - Real PCT - Wanted PCT - Time Play
Normal Forward
1 - 25% - 36% - 11:28
2 - 35% - 31% - 16:08
3 - 17% - 25% - 7:44
4 - 23% - 8% - 10:37
Normal Defense
1 - 36% - 36% - 16:24
2 - 34% - 31% - 15:24
3 - 25% - 23% - 11:18
4 - 6% - 10% - 2:51
PP Forward
1 - 44% - 55% - 2:03
2 - 56% - 45% - 2:34
PP Defense
1 - 65% - 55% - 2:59
2 - 35% - 45% - 1:38
PK Forward
1 - 65% - 55% - 5:06
2 - 35% - 45% - 2:44
PK Defense
1 - 53% - 55% - 4:10
2 - 47% - 45% - 3:40
PK3 Forward
1 - 0% - 55%
2 - 0% - 45%
PK3 Defense
1 - 0% - 55%
2 - 0% - 45%
44 Forward
1 - 70% - 55% - 0:56
2 - 30% - 45% - 0:24
44 Defense
1 - 48% - 55% - 0:38
2 - 53% - 45% - 0:42
Last Minute Offensive  - 0:16
Last Minute Defensive  - 0:00
Total
Forward - 60:00
Defense - 60:00

Play-by-Play

1st period


0:01 of 1st period - John Tavares wins face-off versus Nicklas Backstrom in neutral zone.
0:04 of 1st period - Teuvo Teravainen is hit by Mark Borowiecki.
0:07 of 1st period - Nicklas Backstrom is hit by Mark Borowiecki and loses puck.
2:42 of 1st period - Icing by Justin Faulk.
2:43 of 1st period - Nicklas Backstrom wins face-off versus Michael Rasmussen in PHOENIX MUSTANGS zone.
3:04 of 1st period - Shot by Kevin Labanc.
3:04 of 1st period - Shot Misses the Net.
3:50 of 1st period - Thomas Hickey is hit by Kevin Hayes and loses puck.
4:18 of 1st period - Phil Kessel is hit by Joe Hicketts and loses puck.
4:22 of 1st period - Minor Penalty to Alexander Steen for Tripping.
4:23 of 1st period - Matt Duchene wins face-off versus Nicklas Backstrom in PHOENIX MUSTANGS zone.
4:53 of 1st period - Icing by Robert Bortuzzo.
4:54 of 1st period - Teuvo Teravainen wins face-off versus Matt Duchene in ANAHEIM OUTLAWS zone.
5:11 of 1st period - Shot by Teuvo Teravainen.
5:11 of 1st period - Stopped by Matthew Murray without a rebound.
5:12 of 1st period - Nicklas Backstrom wins face-off versus John Tavares in ANAHEIM OUTLAWS zone.
5:20 of 1st period - Icing by Duncan Keith.
5:21 of 1st period - John Tavares wins face-off versus Nicklas Backstrom in ANAHEIM OUTLAWS zone.
5:31 of 1st period - Icing by Jonathan Audy-Marchessault.
5:32 of 1st period - John Tavares wins face-off versus Teuvo Teravainen in ANAHEIM OUTLAWS zone.
6:23 of 1st period - Icing by Fredrik Claesson.
6:24 of 1st period - Justin Kloos wins face-off versus Jonathan Drouin in PHOENIX MUSTANGS zone.
6:56 of 1st period - Icing by Matt Duchene.
6:57 of 1st period - Nicklas Backstrom wins face-off versus Matt Duchene in ANAHEIM OUTLAWS zone.
7:07 of 1st period - Matt Duchene is hit by Dennis Cholowski.
7:11 of 1st period - Shot by Matt Duchene.
7:11 of 1st period - Stopped by Corey Crawford without a rebound.
7:12 of 1st period - John Tavares wins face-off versus Nicklas Backstrom in PHOENIX MUSTANGS zone.
7:21 of 1st period - Shot by John Tavares.
7:21 of 1st period - Deflect By Kevin Fiala.
7:21 of 1st period - Shot Blocked by Jake Gardiner.
7:41 of 1st period - Shot by Jonathan Audy-Marchessault.
7:41 of 1st period - Shot Misses the Net.
7:43 of 1st period - Shot by John Tavares.
7:43 of 1st period - Stopped by Corey Crawford without a rebound.
7:44 of 1st period - Kevin Hayes wins face-off versus Adrian Kempe in PHOENIX MUSTANGS zone.
7:44 of 1st period - Kevin Hayes is hit by Richard Panik.
8:02 of 1st period - Duncan Keith is hit by Alexander Steen and loses puck.
8:10 of 1st period - Minor Penalty to Mark Borowiecki for Cross-checking.
8:11 of 1st period - Matt Duchene wins face-off versus Kevin Labanc in ANAHEIM OUTLAWS zone.
8:30 of 1st period - Shot by Erik Karlsson.
8:30 of 1st period - Stopped by Matthew Murray with a rebound.
8:38 of 1st period - Shot by Teuvo Teravainen.
8:38 of 1st period - Shot Blocked by Thomas Hickey.
8:40 of 1st period - Shot by Erik Karlsson.
8:40 of 1st period - Stopped by Matthew Murray without a rebound.
8:41 of 1st period - Kevin Hayes wins face-off versus Jonathan Audy-Marchessault in ANAHEIM OUTLAWS zone.
8:46 of 1st period - Shot by Phil Kessel.
8:46 of 1st period - Stopped by Matthew Murray without a rebound.
8:47 of 1st period - Jonathan Audy-Marchessault wins face-off versus Kevin Hayes in ANAHEIM OUTLAWS zone.
9:09 of 1st period - Shot by Alexander Steen.
9:09 of 1st period - Stopped by Matthew Murray without a rebound.
9:10 of 1st period - Kevin Labanc wins face-off versus Jonathan Drouin in ANAHEIM OUTLAWS zone.
9:49 of 1st period - Thomas Hickey is hit by Kevin Labanc and loses puck.
10:32 of 1st period - Shot by Michael Grabner.
10:32 of 1st period - Shot Misses the Net.
10:34 of 1st period - Shot by Duncan Keith.
10:34 of 1st period - Shot Misses the Net.
10:36 of 1st period - Shot by Mark Borowiecki.
10:36 of 1st period - Shot Blocked by Dennis Cholowski.
10:38 of 1st period - Shot by Duncan Keith.
10:38 of 1st period - Goal by Duncan Keith - ANAHEIM OUTLAWS : 1 - PHOENIX MUSTANGS : 0.
10:39 of 1st period - John Tavares wins face-off versus Kevin Hayes in neutral zone.
10:49 of 1st period - Icing by Justin Faulk.
10:50 of 1st period - Matt Duchene wins face-off versus Kevin Hayes in PHOENIX MUSTANGS zone.
10:57 of 1st period - Shot by Matt Duchene.
10:57 of 1st period - Shot Blocked by Alexander Steen.
11:17 of 1st period - Shot by Phil Kessel.
11:17 of 1st period - Stopped by Matthew Murray with a rebound.
12:35 of 1st period - Shot by Andrew Ladd.
12:35 of 1st period - Stopped by Matthew Murray with a rebound.
13:08 of 1st period - Shot by Alexander Steen.
13:08 of 1st period - Stopped by Matthew Murray without a rebound.
13:09 of 1st period - Kevin Hayes wins face-off versus Michael Rasmussen in ANAHEIM OUTLAWS zone.
13:24 of 1st period - Shot by Ryan Callahan.
13:24 of 1st period - Stopped by Corey Crawford without a rebound.
13:25 of 1st period - Nicklas Backstrom wins face-off versus Adrian Kempe in PHOENIX MUSTANGS zone.
13:40 of 1st period - Shot by Kevin Labanc.
13:40 of 1st period - Stopped by Matthew Murray without a rebound.
13:41 of 1st period - Nicklas Backstrom wins face-off versus John Tavares in ANAHEIM OUTLAWS zone.
13:45 of 1st period - Nicklas Backstrom is hit by Mark Borowiecki and loses puck.
13:51 of 1st period - Minor Penalty to Mark Borowiecki for Slashing.
13:52 of 1st period - Kevin Hayes wins face-off versus Jonathan Audy-Marchessault in ANAHEIM OUTLAWS zone.
14:03 of 1st period - Shot by Erik Karlsson.
14:03 of 1st period - Stopped by Matthew Murray with a rebound.
14:30 of 1st period - Minor Penalty to Phil Kessel for Cross-checking.
14:31 of 1st period - Kevin Hayes wins face-off versus Jonathan Audy-Marchessault in PHOENIX MUSTANGS zone.
14:50 of 1st period - Shot by Kevin Hayes.
14:50 of 1st period - Stopped by Matthew Murray without a rebound.
14:51 of 1st period - Matt Duchene wins face-off versus Nicklas Backstrom in ANAHEIM OUTLAWS zone.
15:06 of 1st period - Shot by Matt Duchene.
15:06 of 1st period - Stopped by Corey Crawford without a rebound.
15:07 of 1st period - Kevin Hayes wins face-off versus John Tavares in PHOENIX MUSTANGS zone.
15:28 of 1st period - Shot by Teuvo Teravainen.
15:28 of 1st period - Stopped by Matthew Murray without a rebound.
15:29 of 1st period - Jonathan Drouin wins face-off versus Kevin Labanc in ANAHEIM OUTLAWS zone.
15:36 of 1st period - Shot by Matt Duchene.
15:36 of 1st period - Stopped by Corey Crawford without a rebound.
15:37 of 1st period - Kevin Hayes wins face-off versus Jonathan Drouin in PHOENIX MUSTANGS zone.
18:05 of 1st period - Shot by Jonathan Audy-Marchessault.
18:05 of 1st period - Stopped by Corey Crawford without a rebound.
18:06 of 1st period - Kevin Hayes wins face-off versus Jonathan Audy-Marchessault in PHOENIX MUSTANGS zone.
18:06 of 1st period - Kevin Hayes is hit by Kevin Fiala.
18:25 of 1st period - Shot by Kevin Hayes.
18:25 of 1st period - Shot Blocked by John Tavares.
19:17 of 1st period - Shot by Kevin Labanc.
19:17 of 1st period - Shot Misses the Net.
19:25 of 1st period - Shot by Adrian Kempe.
19:25 of 1st period - Stopped by Corey Crawford with a rebound.
Goals for this period are 1 for ANAHEIM OUTLAWS vs 0 for PHOENIX MUSTANGS.
Shots for this period are 8 for ANAHEIM OUTLAWS vs 12 for PHOENIX MUSTANGS.

2nd period


0:01 of 2nd period - Nicklas Backstrom wins face-off versus John Tavares in neutral zone.
0:18 of 2nd period - Shot by Teuvo Teravainen.
0:18 of 2nd period - Deflect By Nicklas Backstrom.
0:18 of 2nd period - Stopped by Matthew Murray without a rebound.
0:19 of 2nd period - Kevin Hayes wins face-off versus Michael Rasmussen in ANAHEIM OUTLAWS zone.
1:03 of 2nd period - Shot by Phil Kessel.
1:03 of 2nd period - Stopped by Matthew Murray with a rebound.
1:06 of 2nd period - Icing by Robert Bortuzzo.
1:07 of 2nd period - Tomas Hyka wins face-off versus Garnet Hathaway in ANAHEIM OUTLAWS zone.
1:13 of 2nd period - Icing by Maxime Lajoie.
1:14 of 2nd period - Teuvo Teravainen wins face-off versus Garnet Hathaway in ANAHEIM OUTLAWS zone.
1:14 of 2nd period - Teuvo Teravainen is hit by Robert Bortuzzo.
1:18 of 2nd period - Shot by Nicklas Backstrom.
1:18 of 2nd period - Stopped by Matthew Murray without a rebound.
1:19 of 2nd period - John Tavares wins face-off versus Nicklas Backstrom in ANAHEIM OUTLAWS zone.
1:19 of 2nd period - John Tavares is hit by Nicklas Backstrom.
1:40 of 2nd period - John Tavares is hit by Justin Faulk and loses puck.
1:47 of 2nd period - Shot by Nicklas Backstrom.
1:47 of 2nd period - Stopped by Matthew Murray without a rebound.
1:48 of 2nd period - Adrian Kempe wins face-off versus Kevin Hayes in ANAHEIM OUTLAWS zone.
2:24 of 2nd period - Shot by Adrian Kempe.
2:24 of 2nd period - Shot Hit the Post.
2:26 of 2nd period - Shot by Michael Grabner.
2:26 of 2nd period - Shot Misses the Net.
2:28 of 2nd period - Shot by Michael Grabner.
2:28 of 2nd period - Stopped by Corey Crawford without a rebound.
2:29 of 2nd period - Nicklas Backstrom wins face-off versus John Tavares in PHOENIX MUSTANGS zone.
2:31 of 2nd period - Teuvo Teravainen is hit by Mark Borowiecki and loses puck.
4:19 of 2nd period - Shot by Jonathan Drouin.
4:19 of 2nd period - Shot Blocked by Justin Faulk.
4:21 of 2nd period - Shot by Jonathan Drouin.
4:21 of 2nd period - Stopped by Corey Crawford without a rebound.
4:22 of 2nd period - Adrian Kempe wins face-off versus Kevin Hayes in PHOENIX MUSTANGS zone.
4:22 of 2nd period - Richard Panik is hit by Jake Gardiner and loses puck.
4:46 of 2nd period - Icing by Thomas Hickey.
4:47 of 2nd period - Nicklas Backstrom wins face-off versus Adrian Kempe in ANAHEIM OUTLAWS zone.
4:59 of 2nd period - Minor Penalty to Kevin Labanc for Hooking.
5:00 of 2nd period - Matt Duchene wins face-off versus Kevin Hayes in PHOENIX MUSTANGS zone.
5:09 of 2nd period - Shot by Jonathan Drouin.
5:09 of 2nd period - Shot Blocked by Erik Karlsson.
5:37 of 2nd period - Shot by Matt Duchene.
5:37 of 2nd period - Stopped by Corey Crawford without a rebound.
5:38 of 2nd period - Nicklas Backstrom wins face-off versus John Tavares in PHOENIX MUSTANGS zone.
5:38 of 2nd period - Nicklas Backstrom is hit by Richard Panik.
5:56 of 2nd period - Shot by Jonathan Audy-Marchessault.
5:56 of 2nd period - Stopped by Corey Crawford without a rebound.
5:57 of 2nd period - John Tavares wins face-off versus Nicklas Backstrom in PHOENIX MUSTANGS zone.
7:07 of 2nd period - Icing by Justin Kloos.
7:08 of 2nd period - Ryan Callahan wins face-off versus Justin Kloos in PHOENIX MUSTANGS zone.
9:46 of 2nd period - Shot by Kevin Labanc.
9:46 of 2nd period - Shot Misses the Net.
9:48 of 2nd period - Shot by Justin Faulk.
9:48 of 2nd period - Shot Misses the Net.
9:53 of 2nd period - Minor Penalty to Kevin Labanc for Hooking.
9:54 of 2nd period - Jonathan Audy-Marchessault wins face-off versus Teuvo Teravainen in PHOENIX MUSTANGS zone.
10:09 of 2nd period - Kevin Hayes is hit by Richard Panik and loses puck.
11:49 of 2nd period - Icing by Jonathan Drouin.
11:50 of 2nd period - Matt Duchene wins face-off versus Teuvo Teravainen in ANAHEIM OUTLAWS zone.
12:09 of 2nd period - Shot by Michael Rasmussen.
12:09 of 2nd period - Shot Hit the Post.
12:53 of 2nd period - Shot by Michael Grabner.
12:53 of 2nd period - Stopped by Corey Crawford with a rebound.
12:55 of 2nd period - Shot by Richard Panik.
12:55 of 2nd period - Stopped by Corey Crawford without a rebound.
12:56 of 2nd period - Matt Duchene wins face-off versus Kevin Hayes in PHOENIX MUSTANGS zone.
13:04 of 2nd period - Nicholas Ritchie is hit by Jake Gardiner and loses puck.
13:27 of 2nd period - Shot by Jonathan Drouin.
13:27 of 2nd period - Stopped by Corey Crawford without a rebound.
13:28 of 2nd period - John Tavares wins face-off versus Teuvo Teravainen in PHOENIX MUSTANGS zone.
13:31 of 2nd period - Shot by Jonathan Audy-Marchessault.
13:31 of 2nd period - Stopped by Corey Crawford without a rebound.
13:32 of 2nd period - Nicklas Backstrom wins face-off versus John Tavares in PHOENIX MUSTANGS zone.
14:04 of 2nd period - Shot by Nicklas Backstrom.
14:04 of 2nd period - Stopped by Matthew Murray without a rebound.
14:05 of 2nd period - Kevin Hayes wins face-off versus Matt Duchene in ANAHEIM OUTLAWS zone.
14:21 of 2nd period - Kevin Hayes is hit by Mark Borowiecki and loses puck.
15:28 of 2nd period - Shot by Michael Grabner.
15:28 of 2nd period - Deflect By Adrian Kempe.
15:28 of 2nd period - Stopped by Corey Crawford without a rebound.
15:29 of 2nd period - Justin Kloos wins face-off versus John Tavares in PHOENIX MUSTANGS zone.
15:29 of 2nd period - Justin Kloos is hit by Jonathan Audy-Marchessault.
15:37 of 2nd period - Shot by T.J. Oshie.
15:37 of 2nd period - Shot Misses the Net.
15:39 of 2nd period - Shot by T.J. Oshie.
15:39 of 2nd period - Shot Misses the Net.
15:43 of 2nd period - Shot by Andrew Ladd.
15:43 of 2nd period - Goal by Andrew Ladd - ANAHEIM OUTLAWS : 1 - PHOENIX MUSTANGS : 1.
15:44 of 2nd period - Kevin Hayes wins face-off versus Adrian Kempe in neutral zone.
16:05 of 2nd period - Michael Grabner is hit by Alexander Steen and loses puck.
16:06 of 2nd period - Michael Grabner from ANAHEIM OUTLAWS is injured at 16:06 of 2nd period (Sports Hernia).
16:07 of 2nd period - John Tavares wins face-off versus Nicklas Backstrom in ANAHEIM OUTLAWS zone.
16:09 of 2nd period - Minor Penalty to Nicklas Backstrom for Holding.
16:10 of 2nd period - John Tavares wins face-off versus Jesper Fast in PHOENIX MUSTANGS zone.
17:21 of 2nd period - Shot by Matt Duchene.
17:21 of 2nd period - Shot Misses the Net.
17:23 of 2nd period - Shot by Matt Duchene.
17:23 of 2nd period - Goal by Matt Duchene - ANAHEIM OUTLAWS : 2 - PHOENIX MUSTANGS : 1.
17:24 of 2nd period - Michael Rasmussen wins face-off versus Nicklas Backstrom in neutral zone.
18:15 of 2nd period - Jesper Fast is hit by Nicholas Ritchie and loses puck.
18:22 of 2nd period - Shot by Matt Duchene.
18:22 of 2nd period - Stopped by Corey Crawford without a rebound.
18:23 of 2nd period - John Tavares wins face-off versus Phil Kessel in PHOENIX MUSTANGS zone.
18:23 of 2nd period - Kevin Fiala is hit by Jake Gardiner and loses puck.
18:38 of 2nd period - Shot by Jonathan Audy-Marchessault.
18:38 of 2nd period - Stopped by Corey Crawford without a rebound.
18:39 of 2nd period - Adrian Kempe wins face-off versus Justin Kloos in PHOENIX MUSTANGS zone.
18:40 of 2nd period - Shot by Richard Panik.
18:40 of 2nd period - Stopped by Corey Crawford without a rebound.
18:41 of 2nd period - Kevin Hayes wins face-off versus Adrian Kempe in PHOENIX MUSTANGS zone.
18:41 of 2nd period - Kevin Hayes is hit by Richard Panik.
18:55 of 2nd period - Shot by Jonathan Audy-Marchessault.
18:55 of 2nd period - Stopped by Corey Crawford without a rebound.
18:56 of 2nd period - Nicklas Backstrom wins face-off versus Nicholas Ritchie in PHOENIX MUSTANGS zone.
19:00 of 2nd period - Icing by Nicklas Backstrom.
19:01 of 2nd period - Nicklas Backstrom wins face-off versus John Tavares in PHOENIX MUSTANGS zone.
19:16 of 2nd period - Shot by Jonathan Audy-Marchessault.
19:16 of 2nd period - Stopped by Corey Crawford with a rebound.
19:18 of 2nd period - Shot by John Tavares.
19:18 of 2nd period - Goal by John Tavares - ANAHEIM OUTLAWS : 3 - PHOENIX MUSTANGS : 1.
19:19 of 2nd period - Kevin Hayes wins face-off versus Adrian Kempe in neutral zone.
19:34 of 2nd period - Shot by Kevin Hayes.
19:34 of 2nd period - Shot Blocked by Richard Panik.
19:55 of 2nd period - Icing by Kevin Hayes.
19:56 of 2nd period - Matt Duchene wins face-off versus Kevin Hayes in PHOENIX MUSTANGS zone.
Goals for this period are 2 for ANAHEIM OUTLAWS vs 1 for PHOENIX MUSTANGS.
Shots for this period are 16 for ANAHEIM OUTLAWS vs 6 for PHOENIX MUSTANGS.

3rd period


0:01 of 3rd period - John Tavares wins face-off versus Nicklas Backstrom in neutral zone.
0:01 of 3rd period - John Tavares is hit by Nicklas Backstrom.
0:13 of 3rd period - Nicklas Backstrom is hit by Mark Borowiecki and loses puck.
0:14 of 3rd period - Minor Penalty to Mark Borowiecki for Cross-checking.
0:15 of 3rd period - Kevin Hayes wins face-off versus Jonathan Drouin in ANAHEIM OUTLAWS zone.
1:52 of 3rd period - Off-side.
1:53 of 3rd period - Kevin Hayes wins face-off versus Jonathan Drouin in neutral zone.
1:56 of 3rd period - Shot by Erik Karlsson.
1:56 of 3rd period - Stopped by Matthew Murray without a rebound.
1:57 of 3rd period - Kevin Hayes wins face-off versus Jonathan Audy-Marchessault in ANAHEIM OUTLAWS zone.
2:17 of 3rd period - T.J. Oshie is hit by Robert Bortuzzo and loses puck.
2:20 of 3rd period - Shot by T.J. Oshie.
2:20 of 3rd period - Goal by T.J. Oshie - ANAHEIM OUTLAWS : 3 - PHOENIX MUSTANGS : 2.
2:21 of 3rd period - Adrian Kempe wins face-off versus Nicklas Backstrom in neutral zone.
2:24 of 3rd period - Shot by Richard Panik.
2:24 of 3rd period - Stopped by Corey Crawford without a rebound.
2:25 of 3rd period - Nicklas Backstrom wins face-off versus Adrian Kempe in PHOENIX MUSTANGS zone.
2:25 of 3rd period - Nicklas Backstrom is hit by Richard Panik.
2:50 of 3rd period - Shot by Richard Panik.
2:50 of 3rd period - Shot Misses the Net.
2:52 of 3rd period - Shot by Robert Bortuzzo.
2:52 of 3rd period - Shot Blocked by Tomas Hyka.
3:08 of 3rd period - Shot by Teuvo Teravainen.
3:08 of 3rd period - Shot Blocked by Jonathan Audy-Marchessault.
3:38 of 3rd period - Shot by Matt Duchene.
3:38 of 3rd period - Stopped by Corey Crawford with a rebound.
3:40 of 3rd period - Shot by Mark Borowiecki.
3:40 of 3rd period - Stopped by Corey Crawford with a rebound.
3:42 of 3rd period - Shot by Duncan Keith.
3:42 of 3rd period - Stopped by Corey Crawford with a rebound.
4:14 of 3rd period - Shot by Garnet Hathaway.
4:14 of 3rd period - Stopped by Corey Crawford without a rebound.
4:15 of 3rd period - Kevin Hayes wins face-off versus Michael Rasmussen in PHOENIX MUSTANGS zone.
4:15 of 3rd period - Kevin Hayes is hit by Garnet Hathaway.
4:44 of 3rd period - Shot by Kevin Hayes.
4:44 of 3rd period - Stopped by Matthew Murray without a rebound.
4:45 of 3rd period - John Tavares wins face-off versus T.J. Oshie in ANAHEIM OUTLAWS zone.
5:00 of 3rd period - Shot by John Tavares.
5:00 of 3rd period - Stopped by Corey Crawford without a rebound.
5:01 of 3rd period - Kevin Hayes wins face-off versus Matt Duchene in PHOENIX MUSTANGS zone.
6:32 of 3rd period - Shot by T.J. Oshie.
6:32 of 3rd period - Shot Misses the Net.
6:34 of 3rd period - Shot by T.J. Oshie.
6:34 of 3rd period - Shot Blocked by John Tavares.
6:50 of 3rd period - Shot by Nicklas Backstrom.
6:50 of 3rd period - Stopped by Matthew Murray with a rebound.
7:05 of 3rd period - John Tavares is hit by Jesper Fast and loses puck.
8:00 of 3rd period - Shot by Adrian Kempe.
8:00 of 3rd period - Deflect By Jonathan Drouin.
8:00 of 3rd period - Shot Blocked by Fredrik Claesson.
8:02 of 3rd period - Shot by Joe Hicketts.
8:02 of 3rd period - Shot Misses the Net.
8:04 of 3rd period - Shot by Thomas Hickey.
8:04 of 3rd period - Shot Misses the Net.
8:06 of 3rd period - Shot by Richard Panik.
8:06 of 3rd period - Stopped by Corey Crawford without a rebound.
8:07 of 3rd period - Michael Rasmussen wins face-off versus Justin Kloos in PHOENIX MUSTANGS zone.
8:18 of 3rd period - Icing by Michael Rasmussen.
8:19 of 3rd period - Nicklas Backstrom wins face-off versus Michael Rasmussen in ANAHEIM OUTLAWS zone.
9:29 of 3rd period - Icing by Alexander Steen.
9:30 of 3rd period - Adrian Kempe wins face-off versus Phil Kessel in PHOENIX MUSTANGS zone.
9:30 of 3rd period - Jonathan Audy-Marchessault is hit by Justin Faulk and loses puck.
10:43 of 3rd period - Matt Duchene is hit by Erik Karlsson.
10:45 of 3rd period - Shot by Jonathan Drouin.
10:45 of 3rd period - Stopped by Corey Crawford without a rebound.
10:46 of 3rd period - Justin Kloos wins face-off versus John Tavares in PHOENIX MUSTANGS zone.
11:52 of 3rd period - Shot by Teuvo Teravainen.
11:52 of 3rd period - Stopped by Matthew Murray without a rebound.
11:53 of 3rd period - Nicklas Backstrom wins face-off versus Garnet Hathaway in ANAHEIM OUTLAWS zone.
11:54 of 3rd period - Shot by Kevin Labanc.
11:54 of 3rd period - Stopped by Matthew Murray without a rebound.
11:55 of 3rd period - Nicklas Backstrom wins face-off versus Matt Duchene in ANAHEIM OUTLAWS zone.
11:56 of 3rd period - Shot by Teuvo Teravainen.
11:56 of 3rd period - Shot Misses the Net.
12:00 of 3rd period - Shot by Tomas Hyka.
12:00 of 3rd period - Shot Misses the Net.
12:12 of 3rd period - Shot by Jonathan Drouin.
12:12 of 3rd period - Stopped by Corey Crawford without a rebound.
12:13 of 3rd period - Kevin Hayes wins face-off versus Adrian Kempe in PHOENIX MUSTANGS zone.
12:13 of 3rd period - Kevin Hayes is hit by Adrian Kempe.
12:25 of 3rd period - Shot by Kevin Hayes.
12:25 of 3rd period - Shot Hit the Post.
12:37 of 3rd period - Shot by Adrian Kempe.
12:37 of 3rd period - Shot Misses the Net.
12:39 of 3rd period - Shot by Adrian Kempe.
12:39 of 3rd period - Shot Misses the Net.
12:41 of 3rd period - Shot by Richard Panik.
12:41 of 3rd period - Deflect By Adrian Kempe.
12:41 of 3rd period - Stopped by Corey Crawford without a rebound.
12:42 of 3rd period - Nicklas Backstrom wins face-off versus Nicholas Ritchie in PHOENIX MUSTANGS zone.
13:11 of 3rd period - Shot by Nicklas Backstrom.
13:11 of 3rd period - Shot Blocked by Maxime Lajoie.
13:19 of 3rd period - Shot by Teuvo Teravainen.
13:19 of 3rd period - Shot Blocked by Maxime Lajoie.
13:21 of 3rd period - Shot by Nicklas Backstrom.
13:21 of 3rd period - Shot Misses the Net.
13:23 of 3rd period - Shot by Teuvo Teravainen.
13:23 of 3rd period - Stopped by Matthew Murray without a rebound.
13:24 of 3rd period - John Tavares wins face-off versus Kevin Hayes in ANAHEIM OUTLAWS zone.
14:27 of 3rd period - Shot by Jesper Fast.
14:27 of 3rd period - Shot Misses the Net.
14:30 of 3rd period - Icing by John Tavares.
14:31 of 3rd period - John Tavares wins face-off versus Justin Kloos in ANAHEIM OUTLAWS zone.
14:31 of 3rd period - John Tavares is hit by Andrew Ladd.
14:50 of 3rd period - Icing by Jake Gardiner.
14:51 of 3rd period - Adrian Kempe wins face-off versus Justin Kloos in PHOENIX MUSTANGS zone.
14:52 of 3rd period - Shot by Richard Panik.
14:52 of 3rd period - Stopped by Corey Crawford without a rebound.
14:53 of 3rd period - Nicklas Backstrom wins face-off versus Matt Duchene in PHOENIX MUSTANGS zone.
14:53 of 3rd period - Nicklas Backstrom is hit by Nicholas Ritchie.
14:58 of 3rd period - Off-side.
14:59 of 3rd period - Matt Duchene wins face-off versus Nicklas Backstrom in neutral zone.
15:31 of 3rd period - Icing by Erik Karlsson.
15:32 of 3rd period - Nicklas Backstrom wins face-off versus Adrian Kempe in PHOENIX MUSTANGS zone.
15:32 of 3rd period - Nicklas Backstrom is hit by Jonathan Audy-Marchessault.
15:42 of 3rd period - Shot by Nicklas Backstrom.
15:42 of 3rd period - Stopped by Matthew Murray without a rebound.
15:43 of 3rd period - John Tavares wins face-off versus Kevin Hayes in ANAHEIM OUTLAWS zone.
15:50 of 3rd period - Icing by Alexander Steen.
15:51 of 3rd period - Kevin Hayes wins face-off versus Matt Duchene in PHOENIX MUSTANGS zone.
16:08 of 3rd period - Justin Faulk is hit by Nicholas Ritchie and loses puck.
16:13 of 3rd period - Shot by Matt Duchene.
16:13 of 3rd period - Stopped by Corey Crawford without a rebound.
16:14 of 3rd period - Nicklas Backstrom wins face-off versus Adrian Kempe in PHOENIX MUSTANGS zone.
17:30 of 3rd period - Shot by Matt Duchene.
17:30 of 3rd period - Shot Blocked by Jesper Fast.
17:32 of 3rd period - Shot by Robert Bortuzzo.
17:32 of 3rd period - Shot Misses the Net.
17:40 of 3rd period - Shot by Matt Duchene.
17:40 of 3rd period - Shot Misses the Net.
17:42 of 3rd period - Shot by Maxime Lajoie.
17:42 of 3rd period - Stopped by Corey Crawford without a rebound.
17:43 of 3rd period - Kevin Hayes wins face-off versus Michael Rasmussen in PHOENIX MUSTANGS zone.
17:51 of 3rd period - Icing by Joe Hicketts.
17:52 of 3rd period - Kevin Hayes wins face-off versus Michael Rasmussen in ANAHEIM OUTLAWS zone.
17:55 of 3rd period - Shot by Alexander Steen.
17:55 of 3rd period - Shot Misses the Net.
18:39 of 3rd period - Shot by Kevin Hayes.
18:39 of 3rd period - Shot Hit the Post.
19:12 of 3rd period - PHOENIX MUSTANGS, Corey Crawford is pulled from the net.
19:38 of 3rd period - Justin Faulk is hit by Mark Borowiecki and loses puck.
Goals for this period are 0 for ANAHEIM OUTLAWS vs 1 for PHOENIX MUSTANGS.
Shots for this period are 13 for ANAHEIM OUTLAWS vs 8 for PHOENIX MUSTANGS.


NATHAN
MACKINNON
PHILLIP
DANAULT
CONNOR
MCDAVID

EAST COAST

HOCKEY LEAGUE

  • 25.QUE4CHI5
  • 26.CHA2LIM3
  • 27.TRV2LON3
  • 28.CHW4BAL2
  • 29.PITMAN
  • 30.ATLNHW
  • 31.WORPET
  • 32.RHI